Map: Imperio eterno EE

Players

porkboss - Winner!

  • Race: Zerg Zerg
  • League: Diamond
  • Spawn Location: 1:00

MrFercho

  • Race: Zerg Zerg
  • League: Silver
  • Spawn Location: 7:00

VOD

Have the link to the VOD?

Description

Time

  • Played on: May 26, 2020, 7:39 p.m.
  • Length: 4:35
Show
View Real Time Build Order
Export as new Build Order

porkboss Zerg - Winner!

Build Orders: Pool First 

Get SALT Encoding   

  12  0:01  Drone  
  13  0:09  Drone  
  14  0:17  Overlord  
  15  0:35  Drone x2  
  16  0:43  Spawning Pool  
  16  0:45  Drone  
  16  0:50  Extractor  
  16  0:52  Drone  
  16  0:58  Drone  
  17  1:18  Drone  
  18  1:23  Hatchery  
  17  1:31  Drone  
  18  1:38  Queen  
  20  1:46  Drone  
  21  1:53  Metabolic Boost  
  21  2:01  Drone  
  22  2:02  Overlord  
  22  2:07  Overlord  
  22  2:24  Zergling x4  
  24  2:37  Evolution Chamber  
  24  2:38  Zergling x2  
  25  2:44  Zergling x2  
  25  2:49  Lair  
  25  2:50  Zergling x2  
  26  2:53  Zergling x8  
  30  3:00  Overlord  
  30  3:01  Zergling x2  
  31  3:10  Zergling x2  
  32  3:18  Zergling x2  
  31  3:20  Zergling x2  
  32  3:29  Zergling x6  
  35  3:36  Zergling x4  
  37  3:41  Zergling x4  
  37  3:47  Overlord  
  35  4:12  Zergling x6  
  35  4:13  Zergling x6  
Show
View Real Time Build Order
Export as new Build Order

MrFercho Zerg 

Build Orders: 1 Base Baneling Bust, Pool First 

Get SALT Encoding   

  12  0:05  Drone  
  13  0:25  Spawning Pool  
  12  0:30  Overlord  
  12  0:35  Extractor  
  11  0:41  Drone  
  12  0:58  Drone  
  12  0:59  Drone x2  
  15  1:14  Queen  
  15  1:16  Zergling x2  
  18  1:25  Overlord  
  18  1:39  Zergling x2  
  19  1:48  Zergling x2  
  20  1:56  Drone  
  21  2:04  Zergling x2  
  22  2:30  Drone  
  22  2:31  Drone x3  
  26  2:37  Metabolic Boost  
  26  2:53  Zergling x4  
  26  2:57  Zergling x4  
  26  3:25  Baneling Nest  
  25  3:30  Hatchery  
  24  3:50  Zergling x2  
  24  3:51  Zergling x10  
Tags
 
Add a new tag
Caveats
  • Supply blocks, unpowered buildings, or Contaminate may cause inaccurate times.
  • Supply counts are checked every 10 seconds.